Map: Automaton LE

Players

Stats - Winner!

  • Race: Protoss Protoss
  • Spawn Location: 9:00

soO

  • Race: Zerg Zerg
  • Spawn Location: 3:00

Event: IEM Season 13: Katowice (2019)

VOD

Have the link to the VOD?

Description

Time

  • Played on: March 3, 2019, 6:54 a.m.
  • Length: 11:15

All games in this series

Show
View Real Time Build Order
Export as new Build Order

Stats Protoss - Winner!

Build Orders: 1 Gate Expand, Archon Immortal, Archon Drop, Dark Templar Rush 

Get SALT Encoding   

  12  0:00  Probe  
  13  0:12  Probe  
  14  0:18  Pylon  
  14  0:24  Probe  
  15  0:33  Probe  
  15  0:41  Probe  
  16  0:43  Gateway  
  16  0:47  Assimilator  
  17  0:51  Probe  
  18  1:03  Probe  
  19  1:15  Probe  
  20  1:24  Nexus  
  20  1:34  Cybernetics Core  
  20  1:37  Probe  
  21  1:42  Assimilator  
  21  1:49  Probe  
  21  1:52  Pylon  
  22  2:01  Probe  
  23  2:09  Probe  
  23  2:10  Adept  
  23  2:11  Warp Gate  
  26  2:17  Probe  
  27  2:25  Twilight Council  
  27  2:26  Probe  
  28  2:32  Probe  
  28  2:34  Probe  
  29  2:40  Stalker, Probe  
  29  2:42  Probe  
  33  2:50  Probe  
  34  2:54  Probe  
  36  3:00  Robotics Facility  
  36  3:02  Probe  
  37  3:06  Probe  
  37  3:11  Dark Shrine  
  38  3:14  Probe  
  39  3:20  Probe  
  39  3:26  Gateway, Probe  
  41  3:32  Probe  
  42  3:36  Gateway  
  42  3:37  Warp Prism  
  42  3:38  Gateway  
  42  3:47  Assimilator  
  44  3:51  Assimilator  
  44  3:53  Pylon  
  44  3:55  Probe  
  45  3:57  Probe  
  45  4:00  Pylon  
  46  4:11  Probe x2  
  46  4:15  Observer  
  49  4:18  Pylon  
  49  4:23  Probe x2  
  51  4:34  Dark Templar x3  
  51  4:35  Dark Templar  
  51  4:38  Pylon, Archon x2  
  59  4:41  Probe x2  
  61  4:52  Nexus  
  65  5:07  Immortal  
  65  5:09  Forge  
  65  5:10  Probe x2  
  67  5:24  Probe x2  
  67  5:25  Protoss Ground Weapons Level 1  
  67  5:28  Dark Templar  
  71  5:37  Immortal  
  71  5:42  Probe x2  
  75  5:55  Pylon, Charge  
  75  6:02  Gateway  
  75  6:04  Gateway, Probe x2  
  77  6:05  Probe  
  77  6:06  Sentry  
  77  6:07  Sentry x3  
  86  6:16  Probe x2  
  86  6:17  Probe  
  89  6:24  Immortal  
  88  6:30  Zealot x2  
  88  6:31  Zealot  
  83  6:34  Sentry, Pylon  
  83  6:35  Sentry, Zealot x2, Pylon  
  83  6:37  Probe x2  
  83  6:38  Probe  
  84  6:50  Immortal  
  84  6:53  Probe x3  
  84  6:54  Protoss Ground Weapons Level 2  
  87  6:56  Gateway  
  87  6:58  Gateway  
  87  7:00  Pylon  
  87  7:02  Shield Battery  
  87  7:06  Sentry x2  
  87  7:07  Zealot x2  
  99  7:10  Pylon  
  99  7:16  Photon Cannon  
  99  7:18  Photon Cannon, Immortal  
  99  7:27  Phoenix  
  103  7:36  Zealot x2  
  103  7:37  Zealot x4  
  111  7:44  Pylon  
  115  7:46  Pylon  
  115  7:47  Pylon  
  115  7:48  Pylon  
  115  7:51  Photon Cannon, Immortal  
  119  8:00  Assimilator  
  119  8:04  Assimilator  
  119  8:06  Stalker x3  
  123  8:25  Immortal  
  123  8:27  Zealot x5  
  123  8:31  Zealot x3  
  143  8:43  Pylon  
  143  8:48  Pylon  
  143  8:53  Templar Archives  
  143  8:59  Immortal  
  137  9:06  Zealot x6  
  143  9:11  Zealot x2  
  125  9:28  Immortal  
  117  9:32  High Templar x2  
  117  9:33  Zealot, High Templar x4  
  117  9:34  Zealot  
  117  9:37  Archon x3  
  137  9:54  Immortal  
  137  9:59  Zealot x2  
  141  10:05  Zealot x3  
  141  10:06  Sentry x3  
  147  10:21  Immortal  
  147  10:23  Zealot x2  
  147  10:27  Zealot x3  
  157  10:32  Zealot x3  
  149  10:50  Nexus, High Templar x4  
  149  10:51  Zealot  
  149  10:55  Zealot x2  
  149  10:56  Archon x2  
  163  10:58  Zealot  
  137  11:13  Zealot  
Show
View Real Time Build Order
Export as new Build Order

soO Zerg 

Build Orders: Hatch First 

Get SALT Encoding   

  12  0:00  Drone  
  13  0:12  Overlord  
  13  0:17  Drone  
  14  0:30  Drone x2  
  14  0:34  Drone  
  17  0:52  Hatchery  
  17  0:56  Drone  
  17  0:59  Drone  
  18  1:10  Extractor  
  17  1:14  Spawning Pool  
  17  1:17  Drone  
  17  1:20  Drone  
  18  1:29  Drone  
  19  1:39  Drone  
  20  1:49  Hatchery  
  20  1:51  Drone  
  20  2:01  Drone  
  20  2:04  Queen  
  20  2:07  Drone  
  24  2:11  Drone  
  25  2:17  Overlord  
  25  2:26  Queen  
  27  2:34  Drone  
  28  2:38  Drone  
  28  2:40  Drone  
  30  2:45  Zergling x4  
  30  2:51  Queen  
  32  2:54  Drone  
  32  2:58  Overlord  
  35  3:00  Drone  
  35  3:02  Drone  
  37  3:09  Drone x2  
  39  3:15  Overlord  
  39  3:17  Drone  
  39  3:19  Drone  
  41  3:22  Drone  
  41  3:23  Lair  
  41  3:26  Queen  
  45  3:27  Drone  
  45  3:30  Overlord  
  45  3:33  Drone  
  45  3:34  Drone  
  47  3:35  Drone  
  47  3:36  Drone  
  49  3:42  Roach Warren  
  49  3:45  Drone  
  49  3:46  Drone  
  50  3:49  Extractor  
  50  3:52  Queen, Extractor  
  50  3:55  Drone  
  50  3:56  Drone  
  50  3:57  Drone  
  50  3:58  Drone  
  50  4:00  Drone  
  50  4:01  Drone  
  56  4:05  Extractor, Overlord  
  56  4:09  Drone x2  
  57  4:18  Drone  
  57  4:19  Overlord  
  57  4:20  Overseer  
  57  4:21  Glial Reconstitution  
  58  4:25  Roach  
  58  4:28  Roach  
  58  4:30  Roach  
  64  4:32  Overlord  
  64  4:34  Overlord  
  64  4:37  Roach  
  64  4:38  Roach  
  68  4:39  Roach  
  68  4:41  Overseer  
  68  4:43  Roach  
  72  4:47  Overlord  
  72  4:48  Overlord  
  72  4:51  Roach  
  74  4:54  Roach  
  74  4:56  Roach  
  78  5:04  Roach x3  
  82  5:09  Roach x2  
  82  5:11  Roach  
  82  5:14  Roach x2  
  90  5:16  Roach  
  90  5:21  Roach  
  96  5:25  Drone x4  
  96  5:28  Drone x2  
  102  5:37  Drone  
  102  5:40  Drone  
  98  5:50  Drone x8  
  98  5:52  Spire  
  105  5:59  Metabolic Boost  
  105  6:00  Drone  
  105  6:02  Extractor x2  
  105  6:03  Roach  
  106  6:06  Overlord  
  106  6:07  Overlord  
  106  6:08  Overlord  
  103  6:31  Roach x12  
  119  6:37  Drone  
  114  6:40  Zergling x2  
  114  6:42  Roach  
  114  6:44  Roach  
  114  6:45  Roach  
  115  6:47  Roach  
  115  6:50  Roach x2  
  113  6:56  Roach x2  
  117  7:05  Hatchery  
  116  7:12  Mutalisk x5  
  125  7:22  Overlord  
  125  7:23  Overlord  
  122  7:34  Drone x3  
  122  7:36  Roach x3  
  129  7:39  Overlord x4  
  129  7:43  Roach x4  
  137  7:47  Roach x2  
  137  7:48  Roach  
  143  7:54  Overlord  
  143  7:55  Overlord  
  143  7:58  Overseer, Evolution Chamber  
  142  8:07  Roach x5  
  150  8:21  Roach x7  
  150  8:22  Overseer  
  150  8:25  Zerg Missile Weapons Level 1  
  164  8:36  Roach x5  
  174  8:42  Ravager x4  
  174  8:43  Zergling x10  
  183  8:52  Roach x4  
  191  8:55  Overlord  
  191  9:02  Roach x2  
  190  9:03  Roach  
  190  9:04  Roach  
  190  9:07  Roach x3  
  178  9:11  Roach x2  
  178  9:14  Roach x2  
  149  9:17  Roach  
  149  9:18  Roach  
  149  9:20  Roach  
  149  9:22  Roach  
  132  9:26  Roach  
  129  9:36  Ravager x5  
  129  9:37  Roach  
  129  9:38  Roach x2, Zergling x6  
  143  9:49  Roach x5  
  152  9:53  Roach x3  
  152  9:59  Roach x3  
  164  10:03  Roach  
  164  10:04  Roach  
  164  10:06  Overlord  
  168  10:11  Roach x3  
  174  10:20  Roach x5  
  157  10:24  Zergling x6  
  160  10:32  Roach x4  
  142  10:35  Roach x2  
  142  10:42  Roach x4  
  150  10:44  Ravager  
  150  10:47  Roach x2  

Tags
 
Add a new tag
Caveats
  • Supply blocks, unpowered buildings, or Contaminate may cause inaccurate times.
  • Supply counts are checked every 10 seconds.